AoeStats
← [LCDR] Alone

MegaRandom

510640339Analyzed
4v4 RM · 8h ago on Oct 1, 2026· 36m 58s· 8 players
Game mode
Random Map
Map size
Large (8 player)
Population
200
Speed
Normal
Resources
Standard
Victory
Conquest
Starting age
Dark Age
Ending age
Imperial Age
RankedLock teamsTeams togetherTeam positionsShared explorationLock speedFull tech treeHidden civsTurbo modeCheats
Victory
Defeat
🇧🇷 Wei · Brazil
1643
+12
🇧🇷 Cumans · Brazil
1624
+12
🇧🇷 Britons · Brazil
1605
+13
🇧🇷 Italians · Brazil
1352
+23
🇲🇽 Britons · Mexico
1639
-19
🇪🇸 Aztecs · Spain
1626
-19
🇺🇸 Varangians · United States
1438
-11
🇺🇸 Persians · United States
1435
-11
Rv
11:18 Feudal Age
14:59 Castle Age
15:03 Fletching
16:15 Loom
18:29 Double-Bit Axe
20:29 Town Watch
23:36 Bodkin Arrow
28:05 Ballistics
27:50 Padded Archer Armor
34:44 Masonry
Glaki
7:26 Loom
11:18 Feudal Age
15:23 Castle Age
13:39 Double-Bit Axe
13:58 Horse Collar
16:48 Bow Saw
21:40 Town Watch
24:23 Wheelbarrow
25:47 Hand Cart
30:07 Imperial Age
28:12 Fletching
28:23 Padded Archer Armor
28:40 Elite Skirmisher
30:01 Bodkin Arrow
30:21 Leather Archer Armor
30:52 Bracer
30:56 Atlatl
31:17 Conscription
32:12 Heavy Plow
33:22 Ballistics
34:02 Chemistry
33:11 Murder Holes
33:04 Pikeman
33:44 Squires
34:56 Conscription
K-1000
10:49 Feudal Age
11:24 Double-Bit Axe
18:07 Castle Age
19:00 Horse Collar
21:38 Bow Saw
22:31 Heavy Plow
22:25 Town Watch
23:53 Wheelbarrow
25:25 Gold Mining
26:26 Hand Cart
26:27 Stone Mining
27:02 Loom
28:50 Stone Shaft Mining
28:28 Fishing Lines
30:57 Scale Barding Armor
31:02 Forging
31:37 Husbandry
31:47 Bloodlines
32:18 Chain Barding Armor
33:17 Iron Casting
32:39 Vendel Legacy
38:28 Imperial Age
ila
6:58 Loom
10:42 Feudal Age
14:26 Castle Age
12:42 Fletching
12:46 Double-Bit Axe
13:22 Horse Collar
14:21 Fletching
18:52 Padded Archer Armor
20:29 Bow Saw
21:26 Town Watch
22:23 Gold Mining
23:29 Bodkin Arrow
24:47 Wheelbarrow
24:46 Leather Archer Armor
25:20 Heavy Plow
24:53 Elite Skirmisher
26:41 Hand Cart
27:13 Caravan
28:32 Gold Shaft Mining
32:36 Imperial Age
31:35 Masonry
31:36 Pikeman
32:16 Squires
32:18 Scale Mail Armor
32:28 Forging
33:20 Chain Mail Armor
34:40 Two-Man Saw
35:15 Iron Casting
35:41 Conscription
[LCDR] Alone
8:30 Loom
10:16 Feudal Age
15:25 Castle Age
15:23 Double-Bit Axe
15:19 Horse Collar
25:39 Wheelbarrow
28:13 Imperial Age
26:15 Fletching
27:52 Wheelbarrow
28:48 Bodkin Arrow
29:45 Yeomen
29:35 Town Watch
30:01 Bracer
30:02 Padded Archer Armor
30:16 Elite Longbowman
31:48 Conscription
32:24 Leather Archer Armor
34:45 Ring Archer Armor
34:46 Ballistics
34:48 Gold Mining
35:37 Heavy Plow
37:05 Chemistry
Ruchit.Alove
6:21 Loom
8:51 Feudal Age
11:06 Horse Collar
11:54 Double-Bit Axe
21:00 Castle Age
20:02 Wheelbarrow
19:46 Scale Barding Armor
21:46 Gold Mining
22:07 Bow Saw
24:44 Bloodlines
24:56 Chain Barding Armor
28:09 Imperial Age
26:00 Hand Cart
26:18 Forging
26:44 Gold Shaft Mining
28:20 Cavalier
29:42 Plate Barding Armor
32:20 Caravan
32:32 Paladin
33:19 Light Cavalry
34:49 Iron Casting
35:47 Conscription
35:44 Hussar
37:56 Blast Furnace
36:47 Fletching
[LCDR] Chorobura
10:48 Feudal Age
14:49 Castle Age
14:10 Double-Bit Axe
14:06 Horse Collar
17:12 Bow Saw
19:35 Heavy Plow
22:43 Wheelbarrow
21:55 Loom
23:16 Town Watch
23:25 Gold Mining
29:40 Imperial Age
27:19 Husbandry
27:29 Bloodlines
28:00 Scale Barding Armor
28:05 Forging
28:27 Hand Cart
30:26 Chain Barding Armor
30:06 Heavy Hei Guang Cavalry
33:01 Iron Casting
36:26 Light Cavalry
37:29 Tuntian
[LCDR]Hilstinho
7:15 Loom
9:17 Feudal Age
13:38 Fletching
15:31 Padded Archer Armor
19:52 Castle Age
18:11 Double-Bit Axe
20:29 Bodkin Arrow
19:58 Crossbowman
26:16 Leather Archer Armor
26:52 Bow Saw
29:37 Wheelbarrow
29:15 Horse Collar
30:44 Ballistics
35:00 Imperial Age
32:37 Thumb Ring
32:40 Town Watch
35:23 Arbalester
Connection lost

Rejoining the realm…

Still unreachable

The connection could not be restored.

Session expired

The server has moved on; the page needs a fresh start.